 Dungeon Crawl Stone Soup version 0.30-a0-726-gd89dcf765f (webtiles) character file.

Game seed: 8067149922802782408

79 hikkokomori the Ducker (level 4, -2/35 HPs)
             Began as a Merfolk Gladiator on Jan 30, 2023.
             Slain by a bullfrog (6 damage)
             ... on level 3 of the Dungeon.
             The game lasted 00:03:02 (1711 turns).

hikkokomori the Ducker (Merfolk Gladiator)          Turns: 1711, Time: 00:03:03

Health: -2/35      AC:  4    Str: 14    XL:     4   Next: 37%
Magic:  4/4        EV: 14    Int:  7    God:
Gold:   148        SH:  0    Dex: 17    Spells: 3/3 levels left

rFire   . . .      SeeInvis .    a - +0 long sword
rCold   . . .      Faith    .    (no shield)
rNeg    . . .      Spirit   .    b - +0 leather armour
rPois   .          Reflect  .    c - +0 helmet
rElec   .          Harm     .    (no cloak)
rCorr   .          Rampage  .    (no gloves)
Will    .....                    (no boots)
Stlth   ++                       (no amulet)
HPRegen 0.25/turn                (no ring)
MPRegen 0.09/turn                (no ring)

@: no status effects
A: (nimble swimmer 2), mertail
a: no special abilities


You were on level 3 of the Dungeon.
You visited 1 branch of the dungeon, and saw 3 of its levels.

You collected 148 gold pieces.

Inventory:

Hand Weapons
 a - a +0 long sword (weapon)
Missiles
 d - 2 throwing nets (quivered)
 e - a javelin
Armour
 b - a +0 leather armour (worn)
 c - a +0 helmet (worn)
 l - an orb of guile
Wands
 n - a wand of quicksilver (9)
Scrolls
 i - a scroll of identify
 p - a scroll of silence
Potions
 f - 3 potions of curing
 g - 3 potions of invisibility {unknown}
 j - a potion of brilliance {unknown}
 k - 2 potions of degeneration {unknown}
 o - a potion of mutation {unknown}


   Skills:
 + Level 3.1 Fighting
 + Level 4.3 Long Blades
 - Level 2.0 Throwing
 + Level 4.8 Dodging
 + Level 2.1 Stealth


You had 3 spell levels left.
You didn't know any spells.
Your spell library was empty.

Dungeon Overview and Level Annotations

Branches:
Dungeon (3/15)

Altars:
Nemelex Xobeh

Shops:
D:1 (   D:2 *

Annotations:
D:2 Crazy Yiuf


Innate Abilities, Weirdness & Mutations

((You are very nimble when in or above water. (Stealth+, EV+, Speed+++)))
Your lower body shifts to a powerful aquatic tail in water.


Message History

You hear the slow rusting of a distant drain.
Your legs become a tail as you enter the water.
You now have 148 gold pieces (gained 5).
A bullfrog comes into view.
The bullfrog gives a loud, deep croak!
Found a scroll labelled HOKISE RAOMORY.
The bullfrog closely misses you.
The bullfrog releases a deep croak.
The bullfrog hits you but does no damage.
You hit the bullfrog but do no damage.
The bullfrog hits you but does no damage.
The bullfrog closely misses you.
You closely miss the bullfrog. The bullfrog hits you. The bullfrog hits you!
You closely miss the bullfrog. The bullfrog misses you.
You miss the bullfrog. The bullfrog misses you. The bullfrog hits you.
You slash the bullfrog!
The bullfrog is moderately wounded.
The bullfrog completely misses you. The bullfrog hits you.
You hit the bullfrog.
The bullfrog is heavily wounded.
The bullfrog hits you. The bullfrog hits you!
* * * LOW HITPOINT WARNING * * *
You hit the bullfrog.
The bullfrog is severely wounded.
The bullfrog hits you but does no damage.
The bullfrog closely misses you.
You closely miss the bullfrog.
The bullfrog is severely wounded.
The bullfrog closely misses you.
You hit the bullfrog.
The bullfrog is almost dead.
The bullfrog hits you.
* * * LOW HITPOINT WARNING * * *
The bullfrog closely misses you.
You hit the bullfrog but do no damage.
The bullfrog is almost dead.
The bullfrog misses you. The bullfrog closely misses you.
You closely miss the bullfrog.
The bullfrog is almost dead.
The bullfrog hits you.
You die...

# #. ###.. ##
.....###.####..
..............#
.......@F.....+
..?...#.#####.#
..... #...#
...# ###.# ..
#.###.# .
#..#..####
##.#......
###.#...~####≈
##.....~.P#≈#≈≈


You could see a bullfrog.

Vanquished Creatures
  Robin (D:2)
  A worm (D:2)
  3 ball pythons
  6 endoplasms
  3 giant cockroaches
  9 goblins
  8 hobgoblins
  2 jackals (D:3)
  2 quokkas
  11 bats
  3 frilled lizards (D:2)
  4 kobolds
  4 rats
57 creatures vanquished.

Vanquished Creatures (others)
  10 plants
  2 withered plants (D:2)
12 creatures vanquished.

Grand Total: 69 creatures vanquished

Notes
Turn   | Place    | Note
-------+----------+-------------------------------------------
     0 | D:1      | hikkokomori the Merfolk Gladiator began the quest for the
                  | Orb.
     0 | D:1      | Reached XP level 1. HP: 16/16 MP: 1/1
   121 | D:1      | Found Gafodd's Antique Weapon Shoppe.
   206 | D:1      | Reached XP level 2. HP: 20/23 MP: 2/2
   370 | D:1      | Reached skill level 1 in Stealth
   916 | D:2      | Found Ikkeeh's General Store.
   951 | D:2      | Reached XP level 3. HP: 28/28 MP: 3/3
  1050 | D:2      | Noticed Robin
  1079 | D:2      | Killed Robin
  1183 | D:2      | Reached XP level 4. HP: 29/34 MP: 4/4
  1281 | D:2      | Found a faded altar of an unknown god.
  1523 | D:2      | Found a runed translucent door.
  1524 | D:2      | Noticed Crazy Yiuf
  1546 | D:2      | HP: 1/35 [Crazy Yiuf/+4 quarterstaff of chaos (14)]
  1629 | D:3      | Found a sparkling altar of Nemelex Xobeh.
  1699 | D:3      | Noticed a bullfrog
  1711 | D:3      | Slain by a bullfrog

Illustrated notes

Levels and vault maps discovered:
D:1:      dpeg_arrival_erosion, layout_basic, serial_shops, shop
D:2:      layout_basic, serial_shops, nicolae_diamond_shop,
          shapermc_ecumenical_altar_flowoftime, uniq_robin,
          uniq_crazy_yiuf_cottage
D:3:      layout_basic, mainiacjoe_overflow_catwalk_spiral,
          gup_sewer_entry_bowl, chequers_big_river, minmay_misc_feat_ornament,
          eino_curves_04

Skill      XL: |  1  2  3  4 |
---------------+-------------+-----
Stealth        | 1 2 |  2.1
Long Blades    | 4 |  4.3
Fighting       | 3 |  3.1
Throwing       | |  2.0
Dodging        | |  4.8

Action                     |  1- 3 |  4- 6 || total
---------------------------+-------+-------++-------
  Melee: Long sword        |   121 |    53 ||   174
         Punch             |     1 |       ||     1
  Throw: Throwing net      |       |     1 ||     1
    Use: Scroll            |       |     4 ||     4
         Potion            |       |     1 ||     1
   Stab: Sleeping          |       |     4 ||     4
 Armour: Leather armour    |    36 |    11 ||    47
  Dodge: Dodged            |   104 |    52 ||   156

Table legend: (Time is in decaauts)
 A = Elapsed time spent in this place.
 B = Non-inter-level travel time spent in this place.
 C = Inter-level travel time spent in this place.
 D = Time resting spent in this place.
 E = Time spent auto-exploring this place.
 F = Levels seen in this place.
 G = Mean time per level.
                   A        B        C        D        E       F      G
               +--------+--------+--------+--------+--------+-----+--------+
         Total |   1748 |   1731 |     17 |     30 |   1186 |   3 |  582.7 |
       Dungeon |   1748 |   1731 |     17 |     30 |   1186 |   3 |  582.7 |
               +--------+--------+--------+--------+--------+-----+--------+

Top non-repeatable levels by time:
     D:1: 919 daAuts
     D:2: 692 daAuts
     D:3: 137 daAuts
